PA
GALESBURG GUZZLERS @ GWINNETT COUNTY BLACK CATS
08/17/2023
 
TOP OF THE 1ST
Galesburg Guzzlers batting - Pitching for Gwinnett County Black Cats : LHP Xavier Padilla
Pitching: LHP Xavier Padilla
Batting: RHB José Díaz 0-0: Swinging Strike
0-1: SINGLE (Line Drive, 6MD)
Batting: RHB Bubba Blevins 0-0: Fielders Choice at 2nd, 4-6 (Groundball, 4)
Batting: LHB Chris Etheridge 0-0: SINGLE (Groundball, 4MD)
Bubba Blevins to second
Batting: RHB Tripp Donahue 0-0: Fly out, F7 (Line Drive, 78M)
Batting: RHB Toussiant L'Ouverture 0-0: Ball
1-0: Foul Ball, location: 2F
1-1: Ball
2-1: Ball
3-1: Foul Ball, location: 2F
3-2: Strikes out looking
Top of the 1st over - 0 run(s), 2 hit(s), 0 error(s), 2 left on base; Galesburg 0 - Gwinnett County 0
BOTTOM OF THE 1ST
Gwinnett County Black Cats batting - Pitching for Galesburg Guzzlers : RHP Victor de Meij
Pitching: RHP Victor de Meij
Batting: RHB Aaron Taylor 0-0: Called Strike
0-1: Ball
1-1: Ground out 3-1 (Groundball, 34)
Batting: RHB Vicente Espinoza 0-0: Called Strike
0-1: Swinging Strike
0-2: Ball
1-2: Ball
2-2: Ball
3-2: Base on Balls
Batting: LHB Jorge Borbón 0-0: Fly out, F8 (Flyball, 8RM)
Batting: LHB Willis Baker 0-0: Ball
1-0: Swinging Strike
1-1: Fly out, F1 (Line Drive, 13)
Bottom of the 1st over - 0 run(s), 0 hit(s), 0 error(s), 1 left on base; Galesburg 0 - Gwinnett County 0
TOP OF THE 2ND
Galesburg Guzzlers batting - Pitching for Gwinnett County Black Cats : LHP Xavier Padilla
Batting: RHB Gabrio Campoverde 0-0: Swinging Strike
0-1: Foul Ball, location: 2F
0-2: Ball
1-2: Ground out 1-3 (Groundball, 15)
Batting: LHB Guillermo Castro 0-0: Ball
1-0: Ball
2-0: Called Strike
2-1: SINGLE (Line Drive, 9LS)
Batting: RHB Pierre Bernard 0-0: Foul Ball, location: 2F
0-1: Ball
1-1: Foul Ball, location: 2F
1-2: SINGLE (Groundball, 56)
Guillermo Castro to second
Batting: RHB Roland Deschain 0-0: Called Strike
0-1: Ball
Wild Pitch!
Guillermo Castro to third
Pierre Bernard to second
1-1: Foul Ball, location: 2F
1-2: SINGLE (Flyball, 6MD)
Guillermo Castro scores
Pierre Bernard to third
Runner from 3rd tries for Home, SAFE, throw made home
Roland Deschain to second
Batting: RHB José Díaz 0-0: Ball
1-0: Foul Ball, location: 2F
1-1: Fly out, F7 (Line Drive, 7M)
Batting: RHB Bubba Blevins 0-0: Ball
1-0: Swinging Strike
1-1: Ball
2-1: Called Strike
2-2: Strikes out looking
Top of the 2nd over - 2 run(s), 3 hit(s), 0 error(s), 1 left on base; Galesburg 2 - Gwinnett County 0
BOTTOM OF THE 2ND
Gwinnett County Black Cats batting - Pitching for Galesburg Guzzlers : RHP Victor de Meij
Batting: RHB John Townsend 0-0: Foul Ball, location: 2F
0-1: DOUBLE (Line Drive, 6D)
Batting: RHB Addie Kattenberg 0-0: Ball
1-0: Called Strike
1-1: Foul Ball, location: 2F
1-2: Ball
2-2: Foul Ball, location: 2F
2-2: Strikes out swinging
Batting: LHB Jace McNulty 0-0: Foul Ball, location: 2F
0-1: Foul Ball, location: 2F
0-2: Fly out, F8 (Flyball, 8RM)
Batting: RHB Clarence Weber 0-0: Ball
1-0: Called Strike
1-1: Ball
2-1: Foul Ball, location: 2F
2-2: Reached on error, E5 (Groundball, 5L)
John Townsend scores
Batting: RHB Luis Guerrero 0-0: Foul Ball, location: 2F
0-1: Swinging Strike
0-2: Ball
1-2: Strikes out swinging
Bottom of the 2nd over - 1 run(s), 1 hit(s), 1 error(s), 1 left on base; Galesburg 2 - Gwinnett County 1
TOP OF THE 3RD
Galesburg Guzzlers batting - Pitching for Gwinnett County Black Cats : LHP Xavier Padilla
Batting: LHB Chris Etheridge 0-0: Fly out, F7 (Flyball, 7LS)
Batting: RHB Tripp Donahue 0-0: Ball
1-0: SINGLE (Line Drive, 8LS)
Batting: RHB Toussiant L'Ouverture 0-0: Ball
1-0: Foul Ball, location: 2F
1-1: Foul Ball, location: 2F
1-2: Ball
2-2: Ball
3-2: Strikes out looking
Batting: RHB Gabrio Campoverde 0-0: Called Strike
0-1: Ball
1-1: Ball
2-1: Ball
3-1: Foul Ball, location: 2F
3-2: Strikes out looking
Top of the 3rd over - 0 run(s), 1 hit(s), 0 error(s), 1 left on base; Galesburg 2 - Gwinnett County 1
BOTTOM OF THE 3RD
Gwinnett County Black Cats batting - Pitching for Galesburg Guzzlers : RHP Victor de Meij
Batting: RHB Aaron Taylor 0-0: SINGLE (Line Drive, 8LS)
Batting: RHB Vicente Espinoza 0-0: Called Strike
0-1: Ball
1-1: Swinging Strike
1-2: Fly out, F3 (Popup, 4S)
Batting: LHB Jorge Borbón 0-0: Called Strike
0-1: Ball
1-1: Ball
2-1: Foul Ball, location: 2F
2-2: Ball
3-2: DOUBLE (Groundball, 3L)
Aaron Taylor to third
Batting: LHB Willis Baker 0-0: 3-RUN HOME RUN (Flyball, 9D), Distance : 374 ft
Batting: RHB John Townsend 0-0: Ball
1-0: Called Strike
1-1: Called Strike
1-2: Strikes out swinging
Batting: RHB Addie Kattenberg 0-0: Called Strike
0-1: Fly out, F9 (Line Drive, 9M)
Bottom of the 3rd over - 3 run(s), 3 hit(s), 0 error(s), 0 left on base; Galesburg 2 - Gwinnett County 4
TOP OF THE 4TH
Galesburg Guzzlers batting - Pitching for Gwinnett County Black Cats : LHP Xavier Padilla
Batting: LHB Guillermo Castro 0-0: Ball
1-0: Foul Ball, location: 2F
1-1: Swinging Strike
1-2: Strikes out swinging, 2-3 out at first.
Batting: RHB Pierre Bernard 0-0: Called Strike
0-1: Ground out 5-3 (Groundball, 56)
Batting: RHB Roland Deschain 0-0: Called Strike
0-1: Ball
1-1: Foul Ball, location: 2F
1-2: Strikes out swinging
Top of the 4th over - 0 run(s), 0 hit(s), 0 error(s), 0 left on base; Galesburg 2 - Gwinnett County 4
BOTTOM OF THE 4TH
Gwinnett County Black Cats batting - Pitching for Galesburg Guzzlers : RHP Victor de Meij
Batting: LHB Jace McNulty 0-0: Called Strike
0-1: Ball
1-1: Ball
2-1: SINGLE (Groundball, 3L)
Batting: RHB Clarence Weber 0-0: Ground out 5-3 (Groundball, 56S)
Jace McNulty to second
Batting: RHB Luis Guerrero 0-0: Called Strike
0-1: Ball
1-1: Swinging Strike
1-2: Strikes out swinging
Batting: RHB Aaron Taylor 0-0: Called Strike
0-1: Called Strike
0-2: Ball
1-2: Fly out, F9 (Flyball, 9M)
Bottom of the 4th over - 0 run(s), 1 hit(s), 0 error(s), 1 left on base; Galesburg 2 - Gwinnett County 4
TOP OF THE 5TH
Galesburg Guzzlers batting - Pitching for Gwinnett County Black Cats : LHP Xavier Padilla
Batting: RHB José Díaz 0-0: SINGLE (Groundball, 6D)
Batting: RHB Bubba Blevins 0-0: Bunted foul
0-1: Sac Bunt - play at first, batter OUT! 1-4
José Díaz to second
Batting: LHB Chris Etheridge 0-0: Called Strike
0-1: Ball
1-1: Called Strike
1-2: Ball
2-2: Ground out 4-3 (Groundball, 4)
José Díaz to third
Batting: RHB Tripp Donahue 0-0: Called Strike
0-1: Ball
1-1: Ball
2-1: Ball
3-1: Foul Ball, location: 2F
3-2: Strikes out swinging
Top of the 5th over - 0 run(s), 1 hit(s), 0 error(s), 1 left on base; Galesburg 2 - Gwinnett County 4
BOTTOM OF THE 5TH
Gwinnett County Black Cats batting - Pitching for Galesburg Guzzlers : RHP Victor de Meij
Batting: RHB Vicente Espinoza 0-0: Ball
1-0: Foul Ball, location: 2F
1-1: SINGLE (Line Drive, 7LS)
Batting: LHB Jorge Borbón 0-0: Called Strike
0-1: Called Strike
0-2: Foul Ball, location: 2F
0-2: Ball
1-2: Fly out, F9 (Flyball, 9D)
Batting: LHB Willis Baker 0-0: Swinging Strike
0-1: Swinging Strike
0-2: Strikes out looking
Batting: RHB John Townsend 0-0: Foul Ball, location: 2F
0-1: Swinging Strike
0-2: Foul Ball, location: 2F
0-2: Ball
1-2: Foul Ball, location: 2F
1-2: Foul Ball, location: 2F
1-2: DOUBLE (Line Drive, 7LM)
Vicente Espinoza to third
Runner from 3rd tries for Home, SAFE, throw made home
Batting: RHB Addie Kattenberg 0-0: Swinging Strike
0-1: Ball
1-1: Called Strike
1-2: Strikes out looking
Bottom of the 5th over - 1 run(s), 2 hit(s), 0 error(s), 1 left on base; Galesburg 2 - Gwinnett County 5
TOP OF THE 6TH
Galesburg Guzzlers batting - Pitching for Gwinnett County Black Cats : LHP Xavier Padilla
Batting: RHB Toussiant L'Ouverture 0-0: Foul Ball, location: 2F
0-1: Foul Ball, location: 2F
0-2: Strikes out swinging
Batting: RHB Gabrio Campoverde 0-0: Called Strike
0-1: SINGLE (Line Drive, 78S)
Batting: LHB Guillermo Castro 0-0: Foul Ball, location: 2F
0-1: Swinging Strike
0-2: Ball
1-2: Ball
2-2: Foul Ball, location: 2F
2-2: Strikes out swinging
Batting: RHB Pierre Bernard 0-0: Ball
1-0: Ball
2-0: Ball
3-0: Called Strike
3-1: Foul Ball, location: 2F
3-2: Strikes out swinging
Top of the 6th over - 0 run(s), 1 hit(s), 0 error(s), 1 left on base; Galesburg 2 - Gwinnett County 5
BOTTOM OF THE 6TH
Gwinnett County Black Cats batting - Pitching for Galesburg Guzzlers : RHP Victor de Meij
Batting: LHB Jace McNulty 0-0: Foul Ball, location: 2F
0-1: Ball
1-1: Ball
2-1: Foul Ball, location: 2F
2-2: Foul Ball, location: 2F
2-2: Strikes out swinging
Batting: RHB Clarence Weber 0-0: Ball
1-0: SINGLE (Flyball, 8LS)
Batting: RHB Luis Guerrero 0-0: Foul Ball, location: 2F
0-1: Called Strike
0-2: Ball
1-2: Strikes out swinging
Batting: RHB Aaron Taylor 0-0: Fly out, F7 (Flyball, 78M)
Bottom of the 6th over - 0 run(s), 1 hit(s), 0 error(s), 1 left on base; Galesburg 2 - Gwinnett County 5
TOP OF THE 7TH
Galesburg Guzzlers batting - Pitching for Gwinnett County Black Cats : LHP Xavier Padilla
Batting: RHB Roland Deschain 0-0: Ball
1-0: Called Strike
1-1: Swinging Strike
1-2: Strikes out swinging
Batting: RHB José Díaz 0-0: Ball
1-0: Foul Ball, location: 2F
1-1: Called Strike
1-2: Foul Ball, location: 2F
1-2: Ball
2-2: Fly out, F8 (Flyball, 8LM)
Batting: RHB Bubba Blevins 0-0: DOUBLE (Line Drive, 8LM)
Batting: LHB Chris Etheridge 0-0: Ball
1-0: Swinging Strike
1-1: DOUBLE (Line Drive, 9LD)
Bubba Blevins scores
Batting: RHB Tripp Donahue 0-0: Called Strike
0-1: Called Strike
0-2: Ball
1-2: TRIPLE (Groundball, 5L)
Chris Etheridge scores
Pitching: RHP Héctor Salazar
Batting: RHB Toussiant L'Ouverture 0-0: Fly out, F7 (Flyball, 78M)
Top of the 7th over - 2 run(s), 3 hit(s), 0 error(s), 1 left on base; Galesburg 4 - Gwinnett County 5
BOTTOM OF THE 7TH
Gwinnett County Black Cats batting - Pitching for Galesburg Guzzlers : RHP Victor de Meij
Batting: RHB Vicente Espinoza 0-0: Ball
1-0: Called Strike
1-1: Fly out, F7 (Flyball, 78M)
Batting: LHB Jorge Borbón 0-0: Ball
1-0: Ground out 1-3 (Groundball, 23)
Batting: LHB Willis Baker 0-0: SOLO HOME RUN (Flyball, 9D), Distance : 381 ft
Batting: RHB John Townsend 0-0: Called Strike
0-1: Ball
1-1: Foul Ball, location: 2F
1-2: Ball
2-2: Ball
3-2: Strikes out swinging
Bottom of the 7th over - 1 run(s), 1 hit(s), 0 error(s), 0 left on base; Galesburg 4 - Gwinnett County 6
TOP OF THE 8TH
Galesburg Guzzlers batting - Pitching for Gwinnett County Black Cats : RHP Héctor Salazar
Batting: RHB Gabrio Campoverde 0-0: Called Strike
0-1: Foul Ball, location: 2F
0-2: Foul Ball, location: 2F
0-2: Strikes out swinging
Batting: LHB Guillermo Castro 0-0: Called Strike
0-1: Ball
1-1: Ball
2-1: Fly out, F6 (Popup, 56D)
Batting: RHB Pierre Bernard 0-0: Ball
1-0: Called Strike
1-1: Ball
2-1: Ball
3-1: Swinging Strike
3-2: Strikes out swinging
Top of the 8th over - 0 run(s), 0 hit(s), 0 error(s), 0 left on base; Galesburg 4 - Gwinnett County 6
BOTTOM OF THE 8TH
Gwinnett County Black Cats batting - Pitching for Galesburg Guzzlers : RHP Victor de Meij
Pitching: RHP Jim Unknown
Batting: RHB Addie Kattenberg 0-0: Ball
1-0: Foul Ball, location: 2F
1-1: Ball
2-1: Foul Ball, location: 2F
2-2: Foul Ball, location: 2F
2-2: Foul Ball, location: 2F
2-2: Fly out, F8 (Flyball, 8RM)
Batting: LHB Jace McNulty 0-0: Called Strike
0-1: Ball
1-1: Foul Ball, location: 2F
1-2: Ball
2-2: Ball
3-2: Strikes out looking
Batting: RHB Clarence Weber 0-0: Fly out, F5 (Popup, 15)
Bottom of the 8th over - 0 run(s), 0 hit(s), 0 error(s), 0 left on base; Galesburg 4 - Gwinnett County 6
TOP OF THE 9TH
Galesburg Guzzlers batting - Pitching for Gwinnett County Black Cats : RHP Héctor Salazar
Pitching: RHP Dave Woodes
Batting: RHB Roland Deschain 0-0: Called Strike
0-1: Fly out, F7 (Line Drive, 78M)
Batting: RHB José Díaz 0-0: Ball
1-0: Fly out, F8 (Popup, 4MD)
Batting: RHB Bubba Blevins 0-0: Called Strike
0-1: Ground out 4-3 (Groundball, 4)
Top of the 9th over - 0 run(s), 0 hit(s), 0 error(s), 0 left on base; Galesburg 4 - Gwinnett County 6
This league is powered by Out of the Park Baseball, the baseball management simulation game for PC, Mac and Linux
Friday, July 8th, 2016 - OOTP Baseball 16.9 Build 39